[Event "ICC tourney 2332 (75 10)"]
[Site "Internet Chess Club"]
[Date "2021.01.23"]
[Round "2"]
[White "Laine23"]
[Black "kleong12"]
[Result "1-0"]
[ICCResult "Black forfeits on time"]
[WhiteElo "1645"]
[BlackElo "1833"]
[Opening "Scandinavian (center counter) defense"]
[ECO "B01"]
[NIC "SD.02"]
[Time "16:32:34"]
[PlyCount "149"]
[TimeControl "4500+10"]

1. e4 d5 2. exd5 Qxd5 3. Nc3 Qd8 4. d4 Nf6 5. Nf3 Bg4 6. Be2 e6 7. O-O c6
8. Bf4 Bd6 9. Bg5 Nbd7 10. Ne4 Be7 11. Ng3 O-O 12. c3 Nd5 13. Bd2 Qc7 14.
h3 Bxf3 15. Bxf3 N7f6 16. Re1 Bd6 17. Ne2 Rfe8 18. Qc2 e5 19. dxe5 Bxe5 20.
Rad1 Rad8 21. Nc1 Bh2+ 22. Kh1 Bf4 23. Nd3 Bxd2 24. Qxd2 Rxe1+ 25. Nxe1 Re8
26. Nc2 g6 27. Nd4 Qe5 28. g3 Ne4 29. Qe2 Ndf6 30. Bxe4 Nxe4 31. Kg2 Qd5
32. Nf3 Qxa2 33. Rd7 Nf6 34. Re7 Kf8 35. Rxe8+ Nxe8 36. Qe5 f6 37. Qd4 Qxb2
38. Qxa7 Qb5 39. Nd4 Qd5+ 40. Kg1 c5 41. Nb5 Qc6 42. c4 Ke7 43. Qa3 Nd6 44.
Qe3+ Kd7 45. Qd3 Ke6 46. Nc3 Nf5 47. Nd5 Nd4 48. Qe4+ Kd7 49. Qe7+ Kc8 50.
Qxh7 Kb8 51. Qxg6 Qe6 52. h4 Nf3+ 53. Kg2 Qe2 54. Nf4 Ne1+ 55. Kh3 Qxf2 56.
Qxf6 Qf1+ 57. Kg4 Qf3+ 58. Kf5 Qxg3 59. h5 Nf3 60. h6 Nd4+ 61. Ke4 Qf3+ 62.
Ke5 Nc6+ 63. Ke6 Qe4+ 64. Kf7 Qh7+ 65. Kf8 Qd7 66. Ne6 Qd6+ 67. Kg8 Ne7+
68. Kg7 Qg3+ 69. Ng5 Qc7 70. Kf8 Nc6 71. h7 Qc8+ 72. Kg7 Qc7+ 73. Nf7 Qg3+
74. Qg6 Qc3+ 75. Kf8 { Black forfeits on time } 1-0

[Event "ICC tourney 2332 (75 10)"]
[Site "Internet Chess Club"]
[Date "2021.01.23"]
[Round "3"]
[White "dabpacman"]
[Black "AbleCompany"]
[Result "0-1"]
[ICCResult "White resigns"]
[WhiteElo "1479"]
[BlackElo "1568"]
[Opening "Sicilian: closed"]
[ECO "B23"]
[NIC "SI.44"]
[Time "20:01:29"]
[PlyCount "44"]
[TimeControl "4500+10"]

1. e4 c5 2. Nc3 d6 3. d4 cxd4 4. Qxd4 Nc6 5. Qd2 Nf6 6. b3 g6 7. Bb2 Bg7 8.
O-O-O O-O 9. Be2 Bd7 10. h4 h5 11. f3 Rc8 12. g4 hxg4 13. fxg4 Nxg4 14.
Bxg4 Bxg4 15. Nge2 Nb4 16. Rde1 Bxe2 17. Rxe2 Bxc3 18. Bxc3 Nxa2+ 19. Kb2
Nxc3 20. Rg2 Qa5 21. Ra1 Qe5 22. Rg5 Na4+ { White resigns } 0-1

[Event "ICC tourney 2332 (75 10)"]
[Site "Internet Chess Club"]
[Date "2021.01.23"]
[Round "3"]
[White "adwaysane"]
[Black "serenacool"]
[Result "1-0"]
[ICCResult "Black checkmated"]
[WhiteElo "1673"]
[BlackElo "1373"]
[Opening "Queen's pawn, Mason variation"]
[ECO "D00"]
[NIC "QP.08"]
[Time "20:01:24"]
[PlyCount "35"]
[TimeControl "4500+10"]

1. d4 d5 2. Bf4 Bf5 3. e3 e6 4. Nf3 c5 5. c3 Nc6 6. Qb3 Qd7 7. Ne5 Nxe5 8.
Bxe5 c4 9. Qd1 Qd8 10. Nd2 Nf6 11. Be2 Bd3 12. Bxd3 cxd3 13. Nf3 Ng4 14.
Qxd3 Nxe5 15. Nxe5 f6 16. Qb5+ Ke7 17. Qxb7+ Ke8 18. Qf7# { Black
checkmated } 1-0

[Event "ICC tourney 2332 (75 10)"]
[Site "Internet Chess Club"]
[Date "2021.01.23"]
[Round "3"]
[White "uzkuzk"]
[Black "michaelxiao"]
[Result "1-0"]
[ICCResult "Black resigns"]
[WhiteElo "1824"]
[BlackElo "1336"]
[Opening "King's pawn game"]
[ECO "C50"]
[NIC "IG.03"]
[Time "20:02:14"]
[PlyCount "79"]
[TimeControl "4500+10"]

1. e4 e5 2. Nf3 Nc6 3. Bc4 d5 4. Bxd5 Bg4 5. Bxc6+ bxc6 6. h3 Bh5 7. g4 Bg6
8. d3 Bd6 9. Nbd2 Nf6 10. Nc4 Qe7 11. Ne3 Rb8 12. Nh4 h5 13. Nhf5 Bxf5 14.
Nxf5 Qf8 15. g5 Nd7 16. h4 g6 17. Ne3 Bc5 18. Nc4 Qe7 19. c3 O-O 20. a4 f6
21. b4 Bd6 22. Na5 Rb6 23. Rg1 c5 24. b5 Qf7 25. Be3 f5 26. exf5 Qxf5 27.
Nc4 e4 28. Nxb6 Nxb6 29. Qb3+ Nd5 30. dxe4 Qxe4 31. Rd1 c4 32. Qb1 Qe6 33.
Rxd5 Qxd5 34. Qxg6+ Kh8 35. Qh6+ Kg8 36. g6 Re8 37. Qh7+ Kf8 38. g7+ Ke7
39. g8=Q+ Kd8 40. Qxd5 { Black resigns } 1-0

[Event "ICC tourney 2332 (75 10)"]
[Site "Internet Chess Club"]
[Date "2021.01.23"]
[Round "3"]
[White "abi2009"]
[Black "SparkyNinja"]
[Result "0-1"]
[ICCResult "White resigns"]
[WhiteElo "1710"]
[BlackElo "1596"]
[Opening "Sicilian: Najdorf, Byrne (English) attack"]
[ECO "B90"]
[NIC "SI.14"]
[Time "20:01:19"]
[PlyCount "112"]
[TimeControl "4500+10"]

1. e4 c5 2. Nf3 d6 3. d4 cxd4 4. Nxd4 Nf6 5. Nc3 a6 6. Be3 e5 7. Nb3 Be6 8.
Be2 Be7 9. O-O O-O 10. f4 exf4 11. Bxf4 Nc6 12. Bf3 Ne5 13. Qd4 Nxf3+ 14.
Rxf3 Rc8 15. Kh1 Rc4 16. Qd3 d5 17. exd5 Bxd5 18. Nxd5 Qxd5 19. Qxd5 Nxd5
20. Be5 f6 21. Bc3 Nxc3 22. Rxc3 Rxc3 23. bxc3 Rc8 24. Re1 Ba3 25. Re3 Bb2
26. g3 Bxc3 27. Kg2 Be5 28. Re2 b6 29. Rd2 Kf8 30. Kf3 a5 31. Ke3 Ke7 32.
Nd4 Bxd4+ 33. Kxd4 Rd8+ 34. Ke3 Rxd2 35. Kxd2 Kd6 36. Kc3 Kd5 37. Kd3 h5
38. c4+ Kc5 39. Kc3 g6 40. h3 g5 41. a3 f5 42. Kd3 f4 43. gxf4 gxf4 44. Ke4
Kxc4 45. Kxf4 Kb3 46. Kg5 Kxa3 47. Kxh5 b5 48. Kg6 b4 49. h4 b3 50. h5 b2
51. h6 b1=Q+ 52. Kg7 Qh1 53. h7 Qxh7+ 54. Kxh7 Kb3 55. Kg6 a4 56. Kf5 a3 {
White resigns } 0-1

[Event "ICC tourney 2332 (75 10)"]
[Site "Internet Chess Club"]
[Date "2021.01.23"]
[Round "3"]
[White "smartgoldfish"]
[Black "marinaxiao"]
[Result "0-1"]
[ICCResult "White checkmated"]
[WhiteElo "1277"]
[BlackElo "1496"]
[Opening "Sicilian: Alapin's variation (2.c3)"]
[ECO "B22"]
[NIC "SI.46"]
[Time "20:01:38"]
[PlyCount "60"]
[TimeControl "4500+10"]

1. e4 c5 2. c3 d5 3. exd5 Qxd5 4. d4 e6 5. Nf3 Nf6 6. Be2 Be7 7. O-O cxd4
8. cxd4 O-O 9. Nc3 Qd8 10. Be3 Nc6 11. Qc2 Bb4 12. Rad1 Bxc3 13. bxc3 b6
14. Ne5 Bb7 15. Bg5 h6 16. Bh4 g5 17. Bg3 Rc8 18. f4 Nxd4 19. Qd3 Nxe2+ 20.
Qxe2 Qe7 21. fxg5 hxg5 22. h4 Ne4 23. Be1 Qc5+ 24. Kh1 Qxe5 25. hxg5 Ng3+
26. Bxg3 Qxe2 27. Rg1 Rxc3 28. Bd6 Rh3+ 29. Bh2 Qe5 30. g6 Qxh2# { White
checkmated } 0-1

[Event "ICC tourney 2332 (75 10)"]
[Site "Internet Chess Club"]
[Date "2021.01.23"]
[Round "3"]
[White "TheChessShark"]
[Black "PearsonH"]
[Result "1-0"]
[ICCResult "Black resigns"]
[WhiteElo "1888"]
[BlackElo "1752"]
[Opening "French: Burn variation"]
[ECO "C11"]
[NIC "FR.05"]
[Time "20:01:39"]
[PlyCount "55"]
[TimeControl "4500+10"]

1. d4 e6 2. e4 d5 3. Nc3 Nf6 4. Bg5 dxe4 5. Nxe4 Be7 6. Bxf6 Bxf6 7. Nf3
O-O 8. Bc4 b6 9. c3 Bb7 10. Qe2 Nd7 11. O-O-O a6 12. h4 b5 13. Bd3 Bd5 14.
Kb1 Be7 15. Nfg5 h6 16. Qh5 c5 17. dxc5 Nxc5 18. Nxc5 Bxc5 19. f3 Qa5 20.
Bh7+ Kh8 21. Rxd5 exd5 22. Bg6 fxg6 23. Qxg6 hxg5 24. hxg5+ Kg8 25. Qe6+
Rf7 26. g6 Ra7 27. Qc8+ Bf8 28. Qh3 { Black resigns } 1-0

[Event "ICC tourney 2332 (75 10)"]
[Site "Internet Chess Club"]
[Date "2021.01.23"]
[Round "3"]
[White "SuperBlueSky"]
[Black "poohfur"]
[Result "1-0"]
[ICCResult "Black resigns"]
[WhiteElo "1562"]
[BlackElo "1705"]
[Opening "QGD: Tarrasch defense"]
[ECO "D32"]
[NIC "TD.10"]
[Time "20:01:21"]
[PlyCount "53"]
[TimeControl "4500+10"]

1. d4 d5 2. c4 e6 3. Nc3 c5 4. Nf3 Nc6 5. dxc5 d4 6. Ne4 Nf6 7. Bg5 Qa5+ 8.
Bd2 Qc7 9. Nxf6+ gxf6 10. e3 e5 11. exd4 Bg4 12. d5 e4 13. h3 exf3 14. hxg4
Qe5+ 15. Be3 Bxc5 16. Qxf3 Bb4+ 17. Kd1 Qxb2 18. Qe4+ Ne5 19. Rb1 Qc3 20.
Be2 O-O-O 21. Qc2 Qa3 22. Qb3 Qxb3+ 23. Rxb3 a5 24. a3 Be7 25. Bb6 Rd7 26.
Bxa5 Nxc4 27. Bxc4 { Black resigns } 1-0

[Event "ICC tourney 2332 (75 10)"]
[Site "Internet Chess Club"]
[Date "2021.01.23"]
[Round "3"]
[White "Ako-Ako"]
[Black "Roger436"]
[Result "1-0"]
[ICCResult "Black resigns"]
[WhiteElo "1980"]
[BlackElo "1755"]
[Opening "Sicilian: chameleon variation"]
[ECO "B23"]
[NIC "SI.44"]
[Time "20:01:34"]
[PlyCount "59"]
[TimeControl "4500+10"]

1. e4 c5 2. Nc3 Nc6 3. Nge2 g6 4. g3 Bg7 5. Bg2 Nf6 6. d3 d6 7. O-O O-O 8.
a4 Bd7 9. h3 a6 10. f4 e6 11. g4 Rb8 12. f5 b5 13. axb5 axb5 14. g5 Ne8 15.
f6 Bh8 16. Nf4 b4 17. Nce2 e5 18. Nd5 Nc7 19. Ne3 h5 20. c3 bxc3 21. bxc3
Qc8 22. Kh2 Ne6 23. Nd5 Qd8 24. Be3 Nc7 25. Ng3 h4 26. Nf5 Nxd5 27. Nh6+
Kh7 28. exd5 Na5 29. Qe1 Qc7 30. Qxh4 { Black resigns } 1-0

[Event "ICC tourney 2332 (75 10)"]
[Site "Internet Chess Club"]
[Date "2021.01.23"]
[Round "3"]
[White "runtilmorrow1"]
[Black "Nikhilp"]
[Result "0-1"]
[ICCResult "White checkmated"]
[WhiteElo "1968"]
[BlackElo "1731"]
[Opening "Ruy Lopez: closed, 7...O-O"]
[ECO "C88"]
[NIC "RL.17"]
[Time "20:01:37"]
[PlyCount "86"]
[TimeControl "4500+10"]

1. e4 e5 2. Nf3 Nc6 3. Bb5 a6 4. Ba4 Nf6 5. O-O Be7 6. Re1 b5 7. Bb3 O-O 8.
d4 exd4 9. e5 Ne8 10. c3 d6 11. Bd5 Bb7 12. e6 fxe6 13. Bxe6+ Kh8 14. a4
Ne5 15. Nxe5 dxe5 16. Rxe5 dxc3 17. Qe2 Bd6 18. Rh5 Nf6 19. Rh3 Re8 20. Bg5
Qe7 21. Re3 Bc5 22. Bb3 Bxe3 23. Bxe3 cxb2 24. Qxb2 Qe4 25. Kf1 Qxg2+ 26.
Ke2 Qf3+ 27. Ke1 Rxe3+ 28. fxe3 Qxe3+ 29. Kd1 Rd8+ 30. Nd2 Bf3+ 31. Kc1
Qe1+ 32. Kc2 Rxd2+ 33. Kc3 Qe3+ 34. Kb4 Rxb2 35. Ra3 Rxb3+ 36. Rxb3 c5+ 37.
Ka3 b4+ 38. Ka2 Bd5 39. a5 Qxb3+ 40. Ka1 Be4 41. h4 g5 42. h5 Qc2 43. h6
Qb1# { White checkmated } 0-1

[Event "ICC tourney 2332 (75 10)"]
[Site "Internet Chess Club"]
[Date "2021.01.23"]
[Round "3"]
[White "chessboy2020"]
[Black "Clairehouses"]
[Result "1/2-1/2"]
[ICCResult "Game drawn by mutual agreement"]
[WhiteElo "1679"]
[BlackElo "1578"]
[Opening "Sicilian: Najdorf"]
[ECO "B90"]
[NIC "SI.14"]
[Time "20:01:24"]
[PlyCount "86"]
[TimeControl "4500+10"]

1. e4 c5 2. Nf3 d6 3. d4 cxd4 4. Nxd4 Nf6 5. Nc3 a6 6. f3 e5 7. Nb3 Be6 8.
Be3 Be7 9. Qd2 Nbd7 10. O-O-O O-O 11. g4 b5 12. Rg1 b4 13. Nd5 Bxd5 14.
exd5 Nb6 15. Na5 Nfxd5 16. Nc6 Qc7 17. Nxe7+ Qxe7 18. Bxb6 Nxb6 19. Qxd6
Qg5+ 20. Qd2 Qxd2+ 21. Rxd2 a5 22. Bd3 a4 23. Be4 Rad8 24. Rxd8 Rxd8 25.
Rd1 Rxd1+ 26. Kxd1 Kf8 27. b3 axb3 28. axb3 Ke7 29. Kd2 Kd6 30. Bxh7 g6 31.
h4 Nd7 32. h5 gxh5 33. gxh5 Nf6 34. Be4 Nxh5 35. c3 bxc3+ 36. Kxc3 Kc5 37.
b4+ Kb5 38. Bd3+ Kb6 39. Kc4 Nf4 40. Be4 f6 41. b5 Nh3 42. Bc6 Nf4 43. Kc3
f5 { Game drawn by mutual agreement } 1/2-1/2

[Event "ICC tourney 2332 (75 10)"]
[Site "Internet Chess Club"]
[Date "2021.01.23"]
[Round "3"]
[White "bg26723"]
[Black "AJ2000"]
[Result "1-0"]
[ICCResult "Black resigns"]
[WhiteElo "1917"]
[BlackElo "1646"]
[Opening "Giuoco Piano"]
[ECO "C54"]
[NIC "IG.02"]
[Time "20:01:31"]
[PlyCount "47"]
[TimeControl "4500+10"]

1. e4 e5 2. Nf3 Nc6 3. Bc4 Bc5 4. c3 Nf6 5. d4 exd4 6. e5 d5 7. Bb5 Ne4 8.
cxd4 Bb6 9. h3 O-O 10. O-O Bd7 11. Bxc6 Bxc6 12. Nc3 Nxc3 13. bxc3 Re8 14.
a4 a6 15. a5 Ba7 16. Bg5 Qd7 17. Re1 h6 18. Bh4 Bb5 19. Re3 c5 20. e6 Rxe6
21. Ne5 Qe8 22. Qg4 f6 23. Rg3 Re7 24. Bxf6 { Black resigns } 1-0

[Event "ICC tourney 2332 (75 10)"]
[Site "Internet Chess Club"]
[Date "2021.01.23"]
[Round "3"]
[White "Pugnacious"]
[Black "JudeNYC"]
[Result "1/2-1/2"]
[ICCResult "Game drawn by mutual agreement"]
[WhiteElo "1760"]
[BlackElo "1622"]
[Opening "Queen's pawn: stonewall attack"]
[ECO "D00"]
[NIC "QP.08"]
[Time "20:06:22"]
[PlyCount "91"]
[TimeControl "4500+10"]

1. d4 d5 2. e3 Nf6 3. Bd3 g6 4. Nf3 Bg7 5. O-O O-O 6. c4 c6 7. Nbd2 Bg4 8.
h3 Bxf3 9. Nxf3 e6 10. b3 Nbd7 11. a4 a5 12. Ne5 Nxe5 13. dxe5 Nd7 14. f4
Qb6 15. Kh1 Nc5 16. Ba3 Rfd8 17. Qc2 Nxd3 18. Qxd3 dxc4 19. Qxc4 Qxe3 20.
Rf3 Qd4 21. Qc1 Rd7 22. Bc5 Qd5 23. Qc3 Qd2 24. Qc4 Qd5 25. Qc3 Qd2 26. Qc4
Qd5 27. Qc2 Qd2 28. Qe4 Qd5 29. Qe3 Bf8 30. Rc1 Bxc5 31. Rxc5 Qd4 32. Qc1
Qd1+ 33. Rf1 Qxc1 34. Rfxc1 Rad8 35. Rxa5 Rd1+ 36. Rxd1 Rxd1+ 37. Kh2 Rb1
38. Kg3 Rxb3+ 39. Kg4 Kg7 40. Ra7 c5 41. Ra8 c4 42. Rc8 c3 43. g3 Ra3 44.
a5 Rb3 45. Rc7 Kf8 46. Kg5 { Game drawn by mutual agreement } 1/2-1/2

[Event "ICC tourney 2332 (75 10)"]
[Site "Internet Chess Club"]
[Date "2021.01.23"]
[Round "3"]
[White "Mitochondria"]
[Black "pari538"]
[Result "0-1"]
[ICCResult "White resigns"]
[WhiteElo "1575"]
[BlackElo "1485"]
[Opening "QGD: Cambridge Springs defense"]
[ECO "D52"]
[NIC "QO.15"]
[Time "20:01:19"]
[PlyCount "90"]
[TimeControl "4500+10"]

1. d4 d5 2. c4 e6 3. Nc3 Nf6 4. Nf3 Nbd7 5. Bg5 c6 6. e3 Qa5 7. Bd3 dxc4 8.
Bxc4 Ne4 9. Bf4 Nxc3 10. bxc3 Qxc3+ 11. Nd2 Bb4 12. Rc1 Qxd2+ 13. Qxd2
Bxd2+ 14. Kxd2 Nb6 15. Bd3 Nd5 16. Bd6 Kd7 17. Ba3 b6 18. Rhd1 Bb7 19. Ke1
Rac8 20. Kf1 Nc7 21. Be2 Ba6 22. Bxa6 Nxa6 23. Rc2 Rc7 24. e4 Rd8 25. Rc3
Ke8 26. Rdc1 Rxd4 27. f3 c5 28. Ke2 Rcd7 29. R3c2 Nb4 30. Bxb4 Rxb4 31. a3
Ra4 32. Ra1 f5 33. exf5 exf5 34. Kf2 Rd3 35. Re2+ Kf7 36. Rae1 Rd7 37. Ra1
c4 38. Kg3 c3 39. h4 Rd2 40. Re5 g6 41. h5 c2 42. hxg6+ hxg6 43. Rae1 Rd7
44. Rc1 Rc4 45. a4 Rd1 { White resigns } 0-1

[Event "ICC tourney 2332 (75 10)"]
[Site "Internet Chess Club"]
[Date "2021.01.23"]
[Round "3"]
[White "kleong12"]
[Black "castle2king"]
[Result "1-0"]
[ICCResult "Black resigns"]
[WhiteElo "1833"]
[BlackElo "1660"]
[Opening "Four knights: Scotch, 4...exd4"]
[ECO "C47"]
[NIC "KP.06"]
[Time "20:01:31"]
[PlyCount "77"]
[TimeControl "4500+10"]

1. e4 e5 2. Nf3 Nc6 3. Nc3 Nf6 4. d4 exd4 5. Nxd4 Bb4 6. Nxc6 bxc6 7. Bd3
O-O 8. O-O Re8 9. Bg5 d5 10. exd5 Bxc3 11. bxc3 cxd5 12. Qf3 Be6 13. Rab1
h6 14. Bxf6 Qxf6 15. Qxf6 gxf6 16. Rb7 c5 17. Rfb1 c4 18. Bf1 Bf5 19. R7b2
h5 20. Rb5 Red8 21. R1b2 Kg7 22. h4 Rd6 23. Bxc4 dxc4 24. Rxf5 Rb6 25. Rb4
Rxb4 26. cxb4 Rb8 27. c3 Rd8 28. Rc5 Rd1+ 29. Kh2 Rd2 30. a4 Rxf2 31. Rxc4
Ra2 32. a5 Rc2 33. Rc7 Kg6 34. Rxa7 Rxc3 35. b5 Rb3 36. b6 Kf5 37. b7 Ke6
38. a6 Kd7 39. b8=Q+ { Black resigns } 1-0

[Event "ICC tourney 2332 (75 10)"]
[Site "Internet Chess Club"]
[Date "2021.01.23"]
[Round "3"]
[White "tbogin1"]
[Black "yanje03"]
[Result "0-1"]
[ICCResult "White resigns"]
[WhiteElo "1813"]
[BlackElo "1508"]
[Opening "Sicilian: closed"]
[ECO "B23"]
[NIC "SI.44"]
[Time "20:01:21"]
[PlyCount "93"]
[TimeControl "4500+10"]

1. e4 c5 2. Nc3 e6 3. f4 Nc6 4. Nf3 d5 5. e5 Nge7 6. Bb5 a6 7. Bxc6+ Nxc6
8. O-O Be7 9. d4 cxd4 10. Nxd4 Bc5 11. Be3 Qb6 12. Na4 Qa5 13. Nxc5 Qxc5
14. Nf5 Qf8 15. Nd6+ Kd7 16. c4 Ne7 17. Bb6 f6 18. Qa4+ Nc6 19. cxd5 exd5
20. Rad1 Qg8 21. b4 Rb8 22. Qb3 Ne7 23. b5 f5 24. bxa6 bxa6 25. Qa4+ Ke6
26. Bc7 Bd7 27. Qxa6 Ra8 28. Qe2 g5 29. Qh5 g4 30. Qh6+ Qg6 31. Qxg6+ hxg6
32. g3 Rxa2 33. Ra1 Rhxh2 34. Rxa2 Rxa2 35. Rb1 Nc6 36. Rb6 Ke7 37. Nb5 d4
38. Bd6+ Kf7 39. Rb7 Ke6 40. Nc7+ Kf7 41. Nd5 Ra7 42. Rb2 Be6 43. Nf6 d3
44. Rh2 Ra1+ 45. Kf2 Ra2+ 46. Ke3 Rxh2 47. Kxd3 { White resigns } 0-1

[Event "ICC tourney 2332 (75 10)"]
[Site "Internet Chess Club"]
[Date "2021.01.23"]
[Round "3"]
[White "kwen2008"]
[Black "hi987"]
[Result "1/2-1/2"]
[ICCResult "Game drawn by mutual agreement"]
[WhiteElo "1730"]
[BlackElo "1596"]
[Opening "Neo-Grünfeld, 6.O-O, main line"]
[ECO "E60"]
[NIC "KI.80"]
[Time "20:01:26"]
[PlyCount "74"]
[TimeControl "4500+10"]

1. d4 Nf6 2. c4 g6 3. g3 c6 4. Bg2 d5 5. cxd5 cxd5 6. Nf3 Bg7 7. O-O O-O 8.
Nc3 Nc6 9. Bf4 Nh5 10. Bc1 Bg4 11. e3 Nf6 12. a3 Na5 13. h3 Bf5 14. Nd2 Rc8
15. Nb3 Nc4 16. Nc5 b6 17. Nd3 h5 18. Ne5 a6 19. Nxc4 Rxc4 20. Qb3 b5 21.
Bd2 Qd7 22. h4 Rfc8 23. Rac1 Bh3 24. Kh2 Bxg2 25. Kxg2 Bf8 26. f3 e6 27.
Na2 Be7 28. Nb4 Bxb4 29. Rxc4 Rxc4 30. Bxb4 Qc6 31. Qd1 Nd7 32. Rf2 Qc8 33.
Qd2 Qc6 34. Bc3 Nb6 35. Ba5 Nd7 36. Bc3 Nb6 37. Ba5 Nd7 { Game drawn by
mutual agreement } 1/2-1/2

[Event "ICC tourney 2332 (75 10)"]
[Site "Internet Chess Club"]
[Date "2021.01.23"]
[Round "3"]
[White "Ananya22609"]
[Black "Ethan719"]
[Result "1-0"]
[ICCResult "Black checkmated"]
[WhiteElo "1625"]
[BlackElo "1826"]
[Opening "Sicilian: Alapin's variation (2.c3)"]
[ECO "B22"]
[NIC "SI.46"]
[Time "20:01:36"]
[PlyCount "121"]
[TimeControl "4500+10"]

1. e4 c5 2. c3 d5 3. exd5 Qxd5 4. d4 Nc6 5. Nf3 Bg4 6. Be2 Nf6 7. O-O e6 8.
Be3 cxd4 9. cxd4 Be7 10. Nc3 Qd7 11. Qb3 O-O 12. Rfd1 Bf5 13. Rac1 a6 14.
a3 Na5 15. Qa2 b5 16. Ne5 Qe8 17. b4 Nb7 18. Bf3 Rb8 19. d5 exd5 20. Nxd5
Be6 21. Nc6 Nxd5 22. Bxd5 Bxd5 23. Qxd5 Rc8 24. Qd7 Qxd7 25. Rxd7 Bf6 26.
Rxb7 Kh8 27. g3 Bb2 28. Rc2 Bxa3 29. Ra2 Rxc6 30. Rxa3 f6 31. Bc5 Rd8 32.
Re3 a5 33. Rxb5 axb4 34. Be7 Rg8 35. Rxb4 h6 36. Rbe4 Kh7 37. Re6 Rxe6 38.
Rxe6 Re8 39. Re3 Kg6 40. Kg2 Kf7 41. Bc5 Rc8 42. Re7+ Kg8 43. Be3 Kf8 44.
Ra7 Kg8 45. Kf3 Kf8 46. Ke4 Rd8 47. Kf5 Rd5+ 48. Kg6 f5 49. Ra8+ Ke7 50.
Kxg7 f4 51. Bxf4 Rf5 52. Kxh6 Kf7 53. Ra7+ Ke8 54. Kg6 Rb5 55. h4 Rb6+ 56.
Kf5 Kf8 57. h5 Kg8 58. h6 Kh8 59. Be5+ Kg8 60. h7+ Kf8 61. h8=Q# { Black
checkmated } 1-0

[Event "ICC tourney 2332 (75 10)"]
[Site "Internet Chess Club"]
[Date "2021.01.23"]
[Round "3"]
[White "Averyyu321"]
[Black "karuto2006"]
[Result "0-1"]
[ICCResult "White checkmated"]
[WhiteElo "1713"]
[BlackElo "1760"]
[Opening "Giuoco Pianissimo"]
[ECO "C50"]
[NIC "IG.02"]
[Time "20:01:28"]
[PlyCount "60"]
[TimeControl "4500+10"]

1. e4 e5 2. Nf3 Nc6 3. Bc4 Bc5 4. d3 Nf6 5. c3 O-O 6. Nbd2 d6 7. Bb3 Bg4 8.
h3 Be6 9. Nc4 h6 10. O-O a6 11. Re1 Ba7 12. Ne3 Re8 13. Nf5 Bxf5 14. exf5
d5 15. Nh2 Qd7 16. g4 d4 17. c4 e4 18. Bc2 e3 19. Qf3 Qd6 20. fxe3 dxe3 21.
Bxe3 Rxe3 22. Rxe3 Nd4 23. Qxb7 Qd8 24. Ba4 Nxf5 25. gxf5 Bxe3+ 26. Kh1 Rb8
27. Qf3 Bd4 28. Re1 Rxb2 29. Re2 Rb1+ 30. Kg2 Rg1# { White checkmated } 0-1

[Event "ICC tourney 2332 (75 10)"]
[Site "Internet Chess Club"]
[Date "2021.01.23"]
[Round "3"]
[White "arconsul2"]
[Black "JDD01"]
[Result "1-0"]
[ICCResult "Black resigns"]
[WhiteElo "1736"]
[BlackElo "1817"]
[Opening "Queen's pawn: London system"]
[ECO "A45"]
[NIC "QP.07"]
[Time "20:01:36"]
[PlyCount "63"]
[TimeControl "4500+10"]

1. d4 Nf6 2. Bf4 g6 3. Nc3 Bg7 4. e4 d6 5. Qd2 O-O 6. O-O-O Nbd7 7. f3 Re8
8. Bh6 Bh8 9. h4 c5 10. d5 a6 11. h5 b5 12. hxg6 fxg6 13. Nh3 b4 14. Ne2
Qa5 15. Kb1 c4 16. Nd4 c3 17. Qg5 Ne5 18. Nf4 Bd7 19. Nc6 Bxc6 20. dxc6 Qc5
21. Nd3 Nxd3 22. Bxd3 Qxc6 23. e5 dxe5 24. Bxg6 Bg7 25. Bxe8 Nxe8 26. Bxg7
Nxg7 27. Qxe5 Qe8 28. Qd5+ Kh8 29. Rd4 cxb2 30. Rdh4 e6 31. Rxh7+ Kg8 32.
Rh8+ { Black resigns } 1-0

[Event "ICC tourney 2332 (75 10)"]
[Site "Internet Chess Club"]
[Date "2021.01.23"]
[Round "3"]
[White "jmwgroff"]
[Black "Nacaroa-Dan"]
[Result "1-0"]
[ICCResult "Black checkmated"]
[WhiteElo "1894"]
[BlackElo "1677"]
[Opening "Dutch: stonewall with Ba3"]
[ECO "A94"]
[NIC "HD.12"]
[Time "20:01:21"]
[PlyCount "93"]
[TimeControl "4500+10"]

1. d4 f5 2. Nf3 Nf6 3. g3 e6 4. Bg2 d5 5. c4 c6 6. O-O Be7 7. b3 O-O 8. Ba3
Bxa3 9. Nxa3 Nbd7 10. e3 Ne4 11. Nc2 Ndf6 12. Nb4 Bd7 13. Nd3 Be8 14. Nfe5
Qe7 15. Qc2 Rc8 16. c5 Nd7 17. b4 Nxe5 18. Nxe5 h5 19. f3 Nf6 20. h4 Nd7
21. Nxd7 Bxd7 22. f4 Kf7 23. Bf3 Rh8 24. Qe2 Kg6 25. a4 a6 26. Rfb1 Rh6 27.
Qd1 Rch8 28. Be2 Qd8 29. b5 a5 30. bxc6 Bxc6 31. Rb6 Kf7 32. Bb5 Rg6 33.
Kf2 Qc7 34. Rb1 Kf6 35. Bxc6 bxc6 36. Rb7 Qc8 37. Ra7 Rg4 38. Rbb7 Rf8 39.
Re7 Qb8 40. Rab7 Qa8 41. Qe2 Rg6 42. Qxh5 Qa6 43. Qg5+ Rxg5 44. hxg5+ Kg6
45. Rxg7+ Kh5 46. Rh7+ Kg4 47. Rh4# { Black checkmated } 1-0

[Event "ICC tourney 2332 (75 10)"]
[Site "Internet Chess Club"]
[Date "2021.01.23"]
[Round "3"]
[White "blueocean07"]
[Black "rabbitAAAA"]
[Result "0-1"]
[ICCResult "White checkmated"]
[WhiteElo "1605"]
[BlackElo "1819"]
[Opening "QGD: 3.Nc3"]
[ECO "D31"]
[NIC "QP.08"]
[Time "20:01:30"]
[PlyCount "140"]
[TimeControl "4500+10"]

1. d4 d5 2. c4 e6 3. Nc3 Bb4 4. cxd5 exd5 5. Nf3 Nf6 6. Bg5 Nbd7 7. e3 c5
8. Bd3 Qa5 9. Qc2 c4 10. Bf5 O-O 11. O-O g6 12. Bh3 Re8 13. Rac1 Kg7 14.
Bxd7 Nxd7 15. e4 Bxc3 16. Qxc3 Qxc3 17. Rxc3 Rxe4 18. Bh4 Nb6 19. Bg3 f6
20. Re1 Rxe1+ 21. Nxe1 Bf5 22. b3 Re8 23. Kf1 Bb1 24. a4 Ba2 25. a5 Nd7 26.
bxc4 Bxc4+ 27. Nd3 b5 28. axb6 Nxb6 29. h3 Na4 30. Ra3 Nb2 31. Rxa7+ Kg8
32. Kg1 Nxd3 33. f3 f5 34. Bd6 f4 35. Kh2 g5 36. Re7 Rxe7 37. Bxe7 h6 38.
h4 Kf7 39. Bd8 Kg6 40. hxg5 hxg5 41. g3 fxg3+ 42. Kxg3 Kf5 43. Be7 Nc1 44.
Bc5 Ne2+ 45. Kf2 Ke6 46. Ke3 Kd7 47. Bb6 Nf4 48. Bc5 Ne6 49. Bb4 Kc6 50.
Be7 Kb5 51. Bf6 Kb4 52. Kd2 Bb5 53. Ke3 Be8 54. Be5 Bh5 55. Bf6 Kc3 56. Be5
Kc4 57. Bf6 Bxf3 58. Kxf3 Nxd4+ 59. Kg4 Ne6 60. Kf5 d4 61. Kxe6 g4 62. Kf5
g3 63. Ke4 d3 64. Ke3 g2 65. Bd4 g1=Q+ 66. Kd2 Qxd4 67. Kd1 Qg1+ 68. Kd2
Qf2+ 69. Kd1 Qc2+ 70. Ke1 Qe2# { White checkmated } 0-1

[Event "ICC tourney 2332 (75 10)"]
[Site "Internet Chess Club"]
[Date "2021.01.23"]
[Round "3"]
[White "wahoo"]
[Black "Sricharan07"]
[Result "0-1"]
[ICCResult "White checkmated"]
[WhiteElo "1645"]
[BlackElo "1877"]
[Opening "French: Winawer, advance variation"]
[ECO "C17"]
[NIC "FR.10"]
[Time "20:01:42"]
[PlyCount "102"]
[TimeControl "4500+10"]

1. e4 e6 2. d4 d5 3. Nc3 Bb4 4. e5 c5 5. Nf3 Ne7 6. Be2 Nbc6 7. Bf4 O-O 8.
O-O cxd4 9. Nxd4 Ng6 10. Nxc6 bxc6 11. Bg3 Qb6 12. Qd3 a5 13. Na4 Qc7 14.
f4 Ba6 15. Qf3 Bxe2 16. Qxe2 Qb7 17. c3 Qb5 18. Qxb5 cxb5 19. cxb4 bxa4 20.
bxa5 Rxa5 21. Rac1 Raa8 22. Rc7 Rfc8 23. Rfc1 Rxc7 24. Rxc7 h6 25. Kf2 Rb8
26. Rc2 Rb4 27. Kf3 Ne7 28. Bf2 g5 29. g3 Ng6 30. Bc5 Re4 31. Be3 gxf4 32.
gxf4 Nh4+ 33. Kg4 Nf5 34. Rc8+ Kg7 35. Bc5 Re2 36. Bf8+ Kg6 37. Ba3 Re3 38.
Rg8+ Kh7 39. Rf8 Kg7 40. Ra8 Rd3 41. Rb8 Rd2 42. Kh3 d4 43. Rb4 d3 44. Rxa4
Rxh2+ 45. Kxh2 d2 46. Kg2 d1=Q 47. Rb4 Qe2+ 48. Kh3 Qf3+ 49. Kh2 Qg3+ 50.
Kh1 Ne3 51. Rb3 Qg2# { White checkmated } 0-1